 Dungeon Crawl Stone Soup version 0.27.1-3-gb3d3a73c9e (webtiles) character file.

Game seed: 3258866550260861173

31876 Crownlay the Devastator (level 13, -1/113 HPs)
             Began as a Yellow Draconian Conjurer on Oct 24, 2021.
             Was an Elder of Vehumet.
             Slain by a death yak (17 damage)
             ... on level 4 of the Lair of Beasts.
             The game lasted 00:34:26 (21393 turns).

Crownlay the Devastator (DrCj)                     Turns: 21393, Time: 00:34:27

Health: -1/113     AC: 10    Str: 10    XL:     13   Next: 28%
Magic:  2/25       EV: 12    Int: 29    God:    Vehumet [****..]
Gold:   357        SH: 11    Dex: 10    Spells: 13/28 levels left

rFire    . . .     SeeInvis .   m - +6 hand axe (flame)
rCold    + + .     Faith    .   n - +2 buckler
rNeg     . . .     Spirit   .   (armour unavailable)
rPois    .         Reflect  +   (helmet restricted)
rElec    .         Harm     .   I - +0 cloak
rCorr    +         Rampage  .   z - +0 pair of gloves
Will     .....                  (no boots)
Stlth    ++........             K - amulet "Eghoup" {Reflect rC+ Slay+3 SH+5}
HPRegen  0.28/turn              d - +6 ring of intelligence
MPRegen  0.19/turn              u - ring of protection from cold

@: no status effects
A: spit acid, AC +8, unfitting armour, cold-blooded, acid resistance
a: Breathe Acid, Renounce Religion


You were on level 4 of the Lair of Beasts.
You worshipped Vehumet.
Vehumet was greatly pleased with you.
You visited 3 branches of the dungeon, and saw 17 of its levels.

You collected 929 gold pieces.
You spent 572 gold pieces at shops.

Inventory:

Hand Weapons
 m - a +6 hand axe of flaming (weapon)
 C - the +7 quarterstaff of Seidaqax {spect, rElec Will+}
   (You found it on level 8 of the Dungeon)

   When its wielder attacks, the weapon's spirit leaps out and strikes again.
   The spirit shares a part of any damage it takes with its wielder.
   rElec:     It insulates you from electricity.
   Will:      It increases your willpower.
Missiles
 j - a throwing net
 D - 3 curare-tipped darts
Armour
 n - a +2 buckler (worn)
 z - a +0 pair of gloves (worn)
 I - a +0 cloak (worn)
Magical Staves
 J - a staff of death
Jewellery
 d - a +6 ring of intelligence (left hand)
 k - a ring of protection from fire
 r - a ring of ice
 u - a ring of protection from cold (right hand)
 K - the amulet "Eghoup" (around neck) {Reflect rC+ Slay+3 SH+5}
   (You acquired it on level 1 of the Dungeon)

   [amulet of reflection]

   It reflects blocked missile attacks.
   Slay:      It affects your accuracy & damage with ranged weapons and melee
   (+3).
   rC:        It protects you from cold.
   SH:        It affects your SH (+5).
 L - a ring of protection from cold
Wands
 q - a wand of iceblast (29)
 x - a wand of mindburst (3)
 y - a wand of acid (21)
 A - a wand of charming (14)
 F - a wand of polymorph (8)
 P - a wand of flame (14)
Scrolls
 b - a scroll of torment {unknown}
 e - 2 scrolls of noise {unknown}
 f - 3 scrolls of blinking {unknown}
 o - a scroll of fear {unknown}
 s - 4 scrolls of magic mapping
 v - 5 scrolls of teleportation
 w - a scroll of vulnerability {unknown}
 B - 2 scrolls of holy word {unknown}
 N - a scroll of brand weapon {unknown}
 O - a scroll of enchant armour {unknown}
Potions
 a - 2 potions of mutation {unknown}
 c - a potion of magic {unknown}
 g - 2 potions of brilliance {unknown}
 i - 3 potions of flight
 l - a potion of might
 p - 6 potions of lignification
 t - a potion of heal wounds {unknown}
 E - 5 potions of haste {unknown}
 G - a potion of ambrosia {unknown}
 H - 5 potions of curing
 M - 2 potions of berserk rage {unknown}
Miscellaneous
 h - a phial of floods


   Skills:
 - Level 10.0 Fighting
 - Level 1.7 Dodging
 - Level 1.7 Stealth
 - Level 4.0 Shields
 - Level 8.0 Spellcasting
 + Level 15.1 Conjurations
 - Level 5.0 Summonings
 - Level 10.0 Evocations


You had 13 spell levels left.
You knew the following spells:

 Your Spells              Type           Power      Damage    Failure   Level
a - Magic Dart            Conj           100%       1d8       0%          1
b - Searing Ray           Conj           100%       3d7       0%          2
c - Fireball              Conj/Fire      26%        3d12      1%          5
d - Spellforged Servitor  Conj/Summ      31%        N/A       17%         7

Your spell library contained the following spells:

 Spells                   Type           Power      Damage    Failure   Level
 Freeze                   Ice            44%        1d6       1%          1
 Dazzling Flash           Conj/Hex       100%       N/A       1%          3
 Mephitic Cloud           Conj/Pois/Air  40%        N/A       1%          3
 Stone Arrow              Conj/Erth      100%       3d13      1%          3
 Fulminant Prism          Conj/Hex       26%        3d14      1%          4
 Hailstorm                Conj/Ice       53%        3d12      1%          4
 Iskenderun's Mystic Bla  Conj/Tloc      53%        2d11      1%          4
 Frozen Ramparts          Ice            22%        1d4       4%          3
 Ignite Poison            Fire/Tmut/Pois 11%        N/A       4%          3
 Summon Guardian Golem    Hex/Summ       26%        N/A       4%          3
 Bolt of Magma            Conj/Fire/Erth 20%        4d10      4%          5
 Summon Lightning Spire   Summ/Air       26%        N/A       16%         4
 Ice Form                 Ice/Tmut       11%        N/A       41%         4
 Agony                    Necr           11%        N/A       77%         5
 Alistair's Intoxication  Tmut/Pois      7%         N/A       77%         5
 Silence                  Hex/Air        5%         N/A       77%         5
 Lehudib's Crystal Spear  Conj/Erth      26%        10d7      96%         8
 Shatter                  Erth           5%         3d8*      100%        9
 Animate Armour           Summ/Erth      Unusable   N/A       N/A         4

Dungeon Overview and Level Annotations

Branches:
Dungeon (12/15)            Temple (1/1) D:7            Lair (4/6) D:8
 Shoals (0/4) Lair:2       Spider (0/4) Lair:2          Orc (0/2) D:12

Altars:
Ashenzari
Cheibriados
Dithmenos
Elyvilon
Fedhas
Gozag
Hepliaklqana
Kikubaaqudgha
Nemelex Xobeh
Okawaru
Qazlal
Ru
Sif Muna
Trog
Uskayaw
Vehumet
Xom
Yredelemnul
Zin
The Shining One

Shops:
D:1 ?

Annotations:
D:9 3 runed translucent doors, diceflayer's ghost, novice MiFi
D:11 1 runed translucent door


Innate Abilities, Weirdness & Mutations

You can spit globs of acid.
Your golden yellow scales are hard. (AC +8)
You cannot fit into any form of body armour.
You are cold-blooded and may be slowed by cold attacks.
You are resistant to acid. (rCorr)


Message History

(Press . to maintain the ray.)
The death yak gores you but does no damage.
Casting: Searing Ray (safe; 0% risk of failure)
Confirm with . or Enter, or press ? or * to list all spells.
Restarting spell: Searing Ray (safe; 0% risk of failure)
Press: ? - help, Shift-Dir - straight line The searing ray hits the death yak.
The death yak is heavily wounded.
The searing ray hits the death yak!
The death yak is moderately wounded. (Press . to maintain the ray.)
The death yak gores you!
* * * LOW HITPOINT WARNING * * *
You feel better. You block the death yak's attack.
Casting: Searing Ray (safe; 0% risk of failure)
Confirm with . or Enter, or press ? or * to list all spells.
Aiming: Searing Ray (safe; 0% risk of failure)
Press: ? - help, Shift-Dir - straight line The searing ray hits the death yak.
The death yak is heavily wounded.
The searing ray hits the death yak!
The death yak is moderately wounded. (Press . to maintain the ray.)
The death yak gores you.
The searing ray hits the death yak!
The death yak is severely wounded.
The searing ray hits the death yak!
The death yak is heavily wounded.
The death yak gores you!
* * * LOW HITPOINT WARNING * * *
The searing ray hits the death yak.
The death yak is severely wounded.
The death yak gores you!
* * * LOW HITPOINT WARNING * * *
The searing ray hits the death yak!
The death yak is almost dead.
The searing ray hits the death yak but does no damage.
The death yak is heavily wounded.
You finish channeling your searing ray.
The death yak gores you!
You die...

.###..## ##
#...## #
##...### #
#.P...### .#
####....# ..
##..P### ##
##..#.# #
#...#####
##....#@#
##..YY## .
##..Y######..
##..........#
#...........#
#####..)...##
##Y..#### ##
#(.### .##
#.###.####...#


You could see 3 death yaks.

Vanquished Creatures
  Josephine (D:10)
  4 hydras
  Erolcha (D:11)
  A two-headed ogre (D:10)
  3 death yaks (Lair:4)
  Pikel (D:7)
  An oklob plant (Lair:3)
  3 cyclopes
  A manticore (D:12)
  4 centaur zombies
  Joseph (D:8)
  2 black mambas
  4 cane toads
  A rime drake (Lair:1)
  A kobold demonologist (D:12)
  9 komodo dragons
  2 polar bears (Lair:2)
  A troll (D:11)
  A hornet (D:8)
  4 shadows
  A wyvern (Lair:3)
  Sigmund (D:6)
  7 wraiths
  40 yaks
  A basilisk (Lair:3)
  5 vampire mosquitoes
  10 water moccasins
  2 acid dragons
  2 hornet zombies
  9 orc warriors
  An ice beast (D:5)
  A sky beast (D:6)
  2 necrophages
  5 wolves (Lair:1)
  13 centaurs
  3 ogres
  A lemure (D:7)
  9 bullfrogs
  14 scorpions
  10 killer bees
  13 wights
  5 howler monkeys
  4 electric eels (Lair:2)
  A bullfrog skeleton (D:7)
  4 orc priests
  4 hounds
  2 jellies
  A gnoll shaman (D:4)
  An iguana (D:5)
  15 orc wizards
  A killer bee zombie (D:7)
  A hound skeleton (D:4)
  5 adders
  4 gnolls (D:4)
  An ufetubus (D:4)
  4 worms
  A dart slug (D:5)
  39 orcs
  11 ball pythons
  2 bats
  9 endoplasms
  8 giant cockroaches
  6 goblins
  4 hobgoblins
  7 jackals (D:1)
  4 kobolds
  5 quokkas
  3 frilled lizards
  A butterfly (D:11)
349 creatures vanquished.

Vanquished Creatures (others)
  12 fungi
  9 plants
21 creatures vanquished.

Grand Total: 370 creatures vanquished

Notes
Turn   | Place    | Note
-------+----------+-------------------------------------------
     0 | D:1      | Crownlay the Draconian Conjurer began the quest for the
                  | Orb.
     0 | D:1      | Reached XP level 1. HP: 14/14 MP: 3/3
   456 | D:1      | Reached XP level 2. HP: 20/20 MP: 3/5
   492 | D:1      | Found Exkev's Magic Scroll Boutique.
   737 | D:1      | Learned a level 2 spell: Searing Ray
  1136 | D:1      | Found a faded altar of an unknown god.
  1438 | D:2      | Reached XP level 3. HP: 26/26 MP: 4/7
  2418 | D:3      | Reached XP level 4. HP: 33/33 MP: 6/9
  3174 | D:4      | Reached XP level 5. HP: 31/38 MP: 7/11
  3258 | D:4      | Reached skill level 5 in Conjurations
  3272 | D:4      | Reached XP level 6. HP: 22/45 MP: 7/13
  3451 | D:4      | Found a bloodstained altar of Trog.
  3455 | D:4      | Noticed an acid dragon
  3489 | D:4      | Reached skill level 5 in Spellcasting
  3773 | D:4      | Found a transporter.
  3777 | D:4      | Found a transporter.
  3813 | D:4      | Found an ancient bone altar of Kikubaaqudgha.
  4275 | D:5      | Entered Level 5 of the Dungeon
  4617 | D:5      | Noticed an ice beast
  4625 | D:5      | Killed an ice beast
  4626 | D:5      | Your scales start taking on a golden yellow colour.
  4626 | D:5      | Reached XP level 7. HP: 50/50 MP: 8/14
  4626 | D:5      | Gained mutation: You are resistant to acid. (rCorr) [Yellow
                  | Draconian growth]
  4755 | D:5      | Reached skill level 6 in Conjurations
  5460 | D:6      | Reached skill level 7 in Conjurations
  5460 | D:6      | Reached XP level 8. HP: 40/57 MP: 8/16
  5617 | D:6      | Noticed Sigmund
  5623 | D:6      | Killed Sigmund
  5837 | D:6      | Reached skill level 8 in Conjurations
  6006 | D:6      | Found a sparkling altar of Nemelex Xobeh.
  6287 | D:7      | Noticed Pikel
  6296 | D:7      | Killed Pikel
  6297 | D:7      | Reached skill level 9 in Conjurations
  6297 | D:7      | Reached XP level 9. HP: 62/62 MP: 8/19
  6457 | D:7      | Found a staircase to the Ecumenical Temple.
  6462 | D:7      | Identified the +4 rapier of Famine {drain, rCorr}
  6556 | D:7      | Reached skill level 10 in Conjurations
  7281 | Temple   | Entered the Ecumenical Temple
  7358 | Temple   | Became a worshipper of Vehumet
  7436 | D:8      | Reached skill level 1 in Fighting
  7710 | D:8      | Identified the +7 quarterstaff of Seidaqax {spect, rElec
                  | Will+}
  7746 | D:8      | Identified the amulet of Dishonesty {Spirit -Tele Int+8}
  7759 | D:8      | Noticed Joseph
  7776 | D:8      | Killed Joseph
  7777 | D:8      | Reached skill level 11 in Conjurations
  7888 | D:8      | Found a basalt altar of Yredelemnul.
  7897 | D:8      | Found a staircase to the Lair.
  7932 | D:8      | Reached XP level 10. HP: 68/73 MP: 12/22
  8500 | D:8      | Reached skill level 12 in Conjurations
  8673 | D:8      | Reached * piety under Vehumet
  8673 | D:8      | Offered knowledge of Sandblast by Vehumet.
  8835 | D:9      | Found a snail-covered altar of Cheibriados.
  8848 | D:9      | Reached skill level 1 in Evocations
  9167 | D:9      | Reached skill level 5 in Fighting
  9383 | D:9      | Noticed a spectral centaur warrior
  9384 | D:9      | Found a runed translucent gate.
  9385 | D:9      | Found a runed translucent gate.
  9385 | D:9      | Found a runed translucent gate.
  9495 | D:9      | Found a broken altar of Ashenzari.
  9530 | D:9      | Noticed diceflayer's ghost (novice MiFi)
  9531 | D:9      | Noticed a spectral centaur warrior
  9533 | D:9      | Noticed a spectral centaur warrior
 10340 | D:1      | Bought a scroll of acquirement for 572 gold pieces
 10340 | D:1      | Acquired the amulet "Eghoup" {Reflect rC+ Slay+3 SH+5}
 10360 | D:1      | Acquired Xusen's Collected Works on Supportive
                  | Transformation
 10578 | D:10     | Entered Level 10 of the Dungeon
 10821 | D:9      | Offered knowledge of Shock by Vehumet.
 11084 | D:9      | Reached skill level 5 in Evocations
 11084 | D:9      | Reached XP level 11. HP: 36/91 MP: 17/23
 11382 | D:10     | Reached ** piety under Vehumet
 11747 | D:10     | Found an iron altar of Okawaru.
 11938 | D:10     | Noticed Josephine
 11947 | D:10     | Killed Josephine
 12038 | D:10     | Found a glowing golden altar of the Shining One.
 12337 | D:10     | Noticed a two-headed ogre
 12348 | D:10     | Killed a two-headed ogre
 12854 | D:10     | Found a stormy altar of Qazlal.
 12855 | D:10     | Found an opulent altar of Gozag.
 12875 | D:11     | Found a runed translucent door.
 12987 | D:11     | Found a runed translucent door.
 13002 | D:11     | Offered knowledge of Mephitic Cloud by Vehumet.
 13140 | D:11     | Noticed Erolcha
 13158 | D:11     | Killed Erolcha
 13533 | D:11     | Reached XP level 12. HP: 105/105 MP: 19/24
 13535 | D:11     | Reached *** piety under Vehumet
 14265 | D:12     | Reached skill level 10 in Fighting
 14645 | D:12     | Reached skill level 13 in Conjurations
 14809 | D:12     | Offered knowledge of Conjure Flame by Vehumet.
 14987 | D:12     | Noticed a six-headed hydra
 14995 | D:12     | Killed a six-headed hydra
 15620 | D:12     | Reached **** piety under Vehumet
 15815 | D:12     | Offered knowledge of Fireball by Vehumet.
 15914 | D:12     | Found a staircase to the Orcish Mines.
 15981 | D:12     | Learned a level 5 spell: Fireball
 16073 | Lair:1   | Entered Level 1 of the Lair of Beasts
 16080 | Lair:1   | Reached skill level 10 in Evocations
 16142 | Lair:1   | Reached skill level 1 in Summonings
 16169 | Lair:1   | Learned a level 7 spell: Spellforged Servitor
 17466 | Lair:2   | Found a staircase to the Shoals.
 17700 | Lair:2   | Found a hole to the Spider Nest.
 17987 | Lair:2   | Noticed a seven-headed hydra
 17997 | Lair:2   | Killed a seven-headed hydra
 17998 | Lair:2   | Reached skill level 14 in Conjurations
 18375 | Lair:2   | Noticed a seven-headed hydra
 18382 | Lair:2   | HP: 4/106 [seven-headed hydra (12)]
 18383 | Lair:2   | Killed a seven-headed hydra
 18807 | Lair:2   | Reached skill level 5 in Summonings
 18953 | Lair:2   | Reached XP level 13. HP: 82/113 MP: 9/25
 21382 | Lair:4   | Reached skill level 15 in Conjurations
 21393 | Lair:4   | Slain by a death yak

Illustrated notes

Levels and vault maps discovered:
D:1:      dpeg_arrival_stone_temple_mockup, layout_loops_corners,
          chequers_ecumenical_altar_simple_redux, serial_shops, shop_scrolls
D:2:      layout_loops_ring, st_stairs_3, minmay_misc_feat_doors
D:3:      layout_loops_cross
D:4:      layout_basic, mainiacjoe_overflow_paths,
          gammafunk_temple_overflow_arena, minmay_misc_feat_rugged
D:5:      layout_rooms
D:6:      layout_basic, nemelex_dance_club_becter, hex_medium, minivault_25,
          kennysheep_small_circle, uniq_sigmund
D:7:      layout_rooms, minmay_temple_entry_antechambers,
          minmay_misc_feat_plants, uniq_pikel
D:8:      layout_basic, yredelemnul_altar_generic, lair_entry_dummy, uniq_joseph
D:9:      layout_roguey, cheibriados_altar_1, nicolae_ashenzari_skybound,
          gammafunk_ghost_necromancy
D:10:     layout_roguey, tso_altar, nicolae_overflow_hidden_temple,
          mainiacjoe_overflow_catwalk, serial_glass, glass_columns_c,
          glass_columns_c, minmay_misc_feat_secret_circle, uniq_josephine
D:11:     lemuel_insect_pit, layout_small_grid, serial_glass, glass_columns_b,
          glass_columns_b, uniq_erolcha
D:12:     layout_loops_ring, david_orc_4
Temple:   cyrus_temple_forest
Lair:1:   layout_roguey
Lair:2:   layout_roguey, elwin_shoals_entry_rocks,
          nicolae_spider_entry_non_spiders, serial_bayou, serial_bayou_shore_b,
          serial_bayou_pond_d, serial_bayou_pond_d, serial_bayou_lake_a,
          serial_bayou_crossing
Lair:3:   layout_layer_cave, hangedman_lair_unloving_vines, lemuel_fruit_fields,
          lemuel_fruit_fields, infiniplex_staircase_pool_2
Lair:4:   layout_cave_pods, beast_lair_carwin_6

Skill      XL: |  1  2  3  4  5  6  7  8  9 10 11 12 13 |
---------------+----------------------------------------+-----
Spellcasting   | 3 4 5 7 8 |  8.0
Conjurations   | 5 7 9 11 12 14 15 | 15.1
Shields        | 3 4 |  4.0
Fighting       | 2 6 9 10 | 10.0
Evocations     | 5 8 10 | 10.0
Summonings     | 5 |  5.0
Dodging        | |  1.7
Stealth        | |  1.7

Action                   |  1- 3 |  4- 6 |  7- 9 | 10-12 | 13-15 || total
-------------------------+-------+-------+-------+-------+-------++-------
Melee: Club              |    29 |       |       |       |       ||    29
       Tailslap          |     2 |     3 |     2 |     1 |     1 ||     9
       Hand axe          |     3 |    35 |    18 |    14 |     8 ||    78
 Cast: Magic Dart        |    48 |    33 |    34 |    89 |    12 ||   216
       Searing Ray       |     2 |     6 |    37 |   171 |    34 ||   250
 Abil: Breathe Acid      |       |       |     2 |     1 |       ||     3
Evoke: Wand              |       |       |       |     3 |     2 ||     5
  Use: Scroll            |       |       |       |    13 |     1 ||    14
       Potion            |       |       |       |       |     1 ||     1
 Stab: Sleeping          |       |     1 |       |       |       ||     1
Armor: Skin              |    14 |    15 |    14 |   117 |     9 ||   169
Dodge: Dodged            |    27 |    50 |    56 |   163 |    18 ||   314
Block: Buckler           |       |       |    22 |   239 |    17 ||   278
       Reflection        |       |       |       |    11 |       ||    11
